 Dungeon Crawl Stone Soup version 0.32-a0-520-g344ed53f66 (webtiles) character file.

Game seed: 13979247375682883932

9 lunkers the Chopper (level 2, -3/26 HPs)
             Began as a Mountain Dwarf Cinder Acolyte on Feb 27, 2024.
             Was a High Priest of Ignis.
             Slain by a gnoll
             ... wielding a +0 vampiric whip
              (7 damage)
             ... on level 1 of the Dungeon.
             The game lasted 00:00:31 (254 turns).

lunkers the Chopper (Mountain Dwarf Cinder Acolyte)  Turns: 254, Time: 00:00:31

Health: -3/26      AC:  3    Str: 16    XL:     2   Next: 6%
Magic:  3/3        EV: 11    Int: 14    God:    Ignis [*****.]
Gold:   18         SH:  0    Dex:  5    Spells: 3/3 levels left

rFire   + . .        a - -1 hand axe (flame)
rCold   . . .        (no shield)
rNeg    . . .        b - +0 robe
rPois   .            (no helmet)
rElec   .            (no cloak)
rCorr   .            (no gloves)
SInv    .            d - +0 pair of boots
Will    .....        (no amulet)
Stlth   +            (no ring)
HPRegen 0.24/turn    (no ring)
MPRegen 0.08/turn

%: no passive effects
@: no status effects
A: runic magic, artefact enchanting
a: Renounce Religion, Fiery Armour, Foxfire Swarm, Rising Flame


You were on level 1 of the Dungeon.
You worshipped Ignis.
Ignis was extremely pleased with you.
You visited 1 branch of the dungeon, and saw 1 of its levels.

You collected 18 gold pieces.

Inventory:

Hand Weapons
 a - a -1 hand axe of flaming (weapon)
Armour
 b - a +0 robe (worn)
 d - a +0 pair of boots (worn)
Magical Staves
 c - a staff of conjuration
Scrolls
 e - a scroll of brand weapon {unknown}
 f - a scroll of identify {unknown}
 g - a scroll of noise {unknown}
 h - a scroll of fog {unknown}
Potions
 i - a potion of lignification {unknown}


   Skills:
 - Level 3.2 Fighting
 + Level 4.4 Axes
 - Level 1.0 Spellcasting
 - Level 3.6 Fire Magic


You had 3 spell levels left.
You didn't know any spells.
Your spell library contained the following spells:

 Spells                   Type           Power      Damage    Failure   Level
 Scorch                   Fire           20%        2d5       9%          2


Dungeon Overview and Level Annotations

Branches:
Dungeon (1/15)

Altars:


Innate Abilities, Weirdness & Mutations

Your spellcasting is much less encumbered by armour.
You can use scrolls of enchantment on lesser artefacts.


Message History

You barely miss the gnoll.
The gnoll is severely wounded.
You barely miss the rat.
The gnoll hits you with a +0 vampiric whip.
* * * LOW HITPOINT WARNING * * *
The gnoll draws strength from your wounds!
The rat closely misses you.
You barely miss the gnoll.
The gnoll is heavily wounded.
You closely miss the rat. The gnoll barely misses you.
The rat bites you but does no damage.
Unknown command.
You hit the gnoll. You burn the gnoll.
The gnoll is severely wounded.
You barely miss the rat. The rat misses you.
The gnoll hits you but does no damage.
Unknown command.
You closely miss the gnoll.
The gnoll is severely wounded.
You barely miss the rat.
The gnoll hits you with a +0 vampiric whip.
* * * LOW HITPOINT WARNING * * *
The rat completely misses you.
You closely miss the gnoll.
The gnoll is severely wounded.
You hit the rat. You burn the rat.
You kill the rat!
The gnoll hits you with a +0 vampiric whip.
* * * LOW HITPOINT WARNING * * *
The gnoll draws strength from your wounds!
You barely miss the gnoll.
The gnoll is severely wounded.
The gnoll hits you with a +0 vampiric whip.
* * * LOW HITPOINT WARNING * * *
The gnoll draws strength from your wounds!
You hit the gnoll. You burn the gnoll.
The gnoll is almost dead.
The gnoll hits you with a +0 vampiric whip!
You die...
Ignis goes out, and joins you in death.

####### ... ...
......#
...########..
......##
............
.......#
#..........#
######.#
#..(.......#
######.#
#..........#
≈≈≈≈≈#.#
#.....†)g..#
≈≈≈≈≈#.#
#......@...#
...≈≈≈.#
#.......!..#
...≈≈≈.#
#..........####.
...≈≈≈.#
#...............
.≈.≈≈≈.#
#...........####
.≈~≈≈≈.#
#..........##
.~≈≈≈≈.#
####.....###
.≈≈≈≈≈.###....#####
# ≈≈≈≈≈#.#.......#
##..+


You could see a gnoll.

Vanquished Creatures
  An endoplasm (D:1)
  2 goblins (D:1)
  A hobgoblin (D:1)
  A quokka (D:1)
  4 rats (D:1)
9 creatures vanquished.

Notes
Turn   | Place    | Note
-------+----------+-------------------------------------------
     0 | D:1      | lunkers the Mountain Dwarf Cinder Acolyte began the quest
                  | for the Orb.
     0 | D:1      | Reached XP level 1. HP: 19/19 MP: 2/2
    38 | D:1      | Reached skill level 4 in Axes
   240 | D:1      | Reached XP level 2. HP: 21/26 MP: 3/3
   254 | D:1      | Slain by a gnoll

Illustrated notes

Levels and vault maps discovered:
D:1:      dpeg_arrival_pond, layout_basic, minmay_misc_feat_doors

Skill      XL: |  1 |
---------------+----+-----
Axes           | 4 |  4.4
Fighting       | |  3.2
Spellcasting   | |  1.0
Fire Magic     | |  3.6

Action                     || total
---------------------------++-------
  Melee: Hand axe          ||    27
 Armour: Robe              ||    23
  Dodge: Dodged            ||    14

Table legend: (Time is in decaauts)
 A = Elapsed time spent in this place.
 B = Non-inter-level travel time spent in this place.
 C = Inter-level travel time spent in this place.
 D = Time resting spent in this place.
 E = Time spent auto-exploring this place.
 F = Levels seen in this place.
 G = Mean time per level.
                   A        B        C        D        E       F      G
               +--------+--------+--------+--------+--------+-----+--------+
         Total |    256 |    256 |      0 |      0 |    195 |   1 |  256.0 |
       Dungeon |    256 |    256 |      0 |      0 |    195 |   1 |  256.0 |
               +--------+--------+--------+--------+--------+-----+--------+

Top non-repeatable levels by time:
     D:1: 256 daAuts
